 Dungeon Crawl Stone Soup version 0.22-a0-897-g1b7a381375 (webtiles) character file.

21 IcyTea the Skirmisher (level 2, 0/26 HPs)
             Began as a Hill Orc Fighter on July 31, 2018.
             Slain by a wight
             ... wielding a cursed +4 mace
              (1 damage)
             ... on level 1 of the Dungeon.
             The game lasted 00:01:38 (942 turns).

IcyTea the Skirmisher (Hill Orc Fighter)             Turns: 942, Time: 00:01:38

Health: 0/26       AC:  6    Str: 18    XL:     2   Next: 87%
Magic:  2/2        EV:  7    Int:  8    God:
Gold:   11         SH:  9    Dex: 10    Spells: 1/1 levels left

rFire    . . .     SeeInvis .   a - +0 long sword
rCold    . . .     Gourm    .   c - +0 shield
rNeg     . . .     Faith    .   b - +0 scale mail
rPois    .         Spirit   .   (no helmet)
rElec    .         Reflect  .   (no cloak)
rCorr    .         Harm     .   (no gloves)
MR       .....                  (no boots)
Stlth    ..........             (no amulet)
HPRegen  0.08/turn              (no ring)
MPRegen  0.08/turn              (no ring)

@: no status effects
A: no striking features
a: no special abilities


You were on level 1 of the Dungeon.
You were not hungry.

You visited 1 branch of the dungeon, and saw 2 of its levels.

You collected 11 gold pieces.

Inventory:

Hand Weapons
 a - a +0 long sword (weapon)
Armour
 b - a +0 scale mail (worn)
 c - a +0 shield (worn)
Scrolls
 g - a scroll of magic mapping {unknown}
 h - a scroll of immolation {unknown}
 j - a scroll of remove curse {unknown}
 l - a scroll of noise {unknown}
 m - a scroll of identify {unknown}
Potions
 d - a potion of might
 e - a potion of lignification {unknown}
 i - a potion of resistance {unknown}
 k - a potion of heal wounds {unknown}
Comestibles
 f - 4 rations


   Skills:
 - Level 3.6 Fighting
 + Level 3.6 Long Blades
 - Level 3.2 Armour
 - Level 3.2 Shields


You had one spell level left.
You didn't know any spells.
Your spell library was empty.

Dungeon Overview and Level Annotations

Branches:
Dungeon (2/15)

Altars:


Message History

You closely miss the wight.
The wight is heavily damaged.
The wight hits you with an enchanted mace.
You closely miss the wight.
The wight is heavily damaged.
The wight hits you with an enchanted mace.
You hit the wight.
The wight is almost destroyed.
You block the wight's attack.
Your shield and scale mail prevent you from hitting the wight.
The wight is almost destroyed.
The wight hits you with an enchanted mace!
Your scale mail prevents you from hitting the wight.
The wight is almost destroyed.
The wight hits you with an enchanted mace!
* * * LOW HITPOINT WARNING * * *
You barely miss the wight.
The wight is almost destroyed.
The wight hits you with an enchanted mace.
You die...

#.....# ##..####.##.# ##.####
#.......##.# #.# #.########.#
#.# ##†## #.# #.# ##...##
#.## #.###### ##.....## #..#
#...(..###.......## ##.##
##...#.##.........####...####
#.......+...@.....+..........
##...#.##...z....>####...####
##.##.###.......## ##.###
#...#.# ##.....## #...#
#.#.#.# ##...## ###.# #.#.#.#
##'## #.# #.....# #.# #.#
#...### #.#### #.# #...#
###....# #.#


You could see a wight.

Vanquished Creatures
  An ooze (D:1)
  A ball python (D:1)
  A giant cockroach (D:1)
  4 hobgoblins (D:1)
  2 bats (D:1)
  2 frilled lizards (D:1)
  2 goblins (D:1)
  A kobold (D:1)
  3 rats (D:1)
17 creatures vanquished.

Notes
Turn   | Place    | Note
-------+----------+-------------------------------------------
     0 | D:1      | IcyTea the Hill Orc Fighter began the quest for the Orb.
     0 | D:1      | Reached XP level 1. HP: 19/19 MP: 1/1
   421 | D:1      | Reached XP level 2. HP: 21/26 MP: 2/2
   929 | D:2      | Noticed a wight
   929 | D:2      | Noticed a wight
   929 | D:2      | Noticed a wight
   929 | D:2      | Noticed a wight
   929 | D:2      | Noticed a wight
   941 | D:1      | HP: 1/26 [wight/enchanted mace (7)]
   942 | D:1      | Slain by a wight

Vault maps used:
D:1:      sevenhm_arrival_forest_fort_small_6, minmay_pentomino_r4

Skill      XL: |  1 |
---------------+----+-----
Long Blades    | 3 |  3.6
Fighting       | |  3.6
Armour         | |  3.2
Shields        | |  3.2

Action                   || total
-------------------------++-------
Melee: Long sword        ||    64
Armor: Scale mail        ||    33
Dodge: Dodged            ||    17
Block: Shield            ||    39
       Rpst.: Long sword ||     4

Table legend:
 A = Spawn XP
 B = Non-spawn XP
 C = Spawn XP percentage of total XP
 D = Spawn monster count
 E = Non-spawn monster count
 F = Spawn count percentage of total count
 G = Total turns spent on level
                    A         B        C        D         E        F      G
               +---------+---------+-------+---------+---------+-------+---------
         Total |       0 |      31 |   0.0 |       0 |      17 |   0.0 |   942
               +---------+---------+-------+---------+---------+-------+---------
           D:1 |       0 |      31 |   0.0 |       0 |      17 |   0.0 |   936
               +---------+---------+-------+---------+---------+-------+---------
